 Dungeon Crawl Stone Soup version 0.25.1-2-g60ff931df9 (webtiles) character file.

Game seed: 4210885018835887592

111 Erymatos the Chopper (level 4, -3/41 HPs)
             Began as a Minotaur Berserker on Nov 10, 2020.
             Was a Believer of Trog.
             Killed from afar by an orc wizard (9 damage)
             ... with a puff of flame
             ... on level 4 of the Dungeon.
             The game lasted 00:02:02 (2245 turns).

Erymatos the Chopper (Minotaur Berserker)           Turns: 2245, Time: 00:02:02

Health: -3/41      AC:  2    Str: 22    XL:     4   Next: 62%
Magic:  3/3        EV: 12    Int:  4    God:    Trog [**....]
Gold:   192        SH:  0    Dex: 10    Spells: 3/3 levels left

rFire    . . .     SeeInvis .   a - +0 hand axe
rCold    . . .     Gourm    .   (no shield)
rNeg     . . .     Faith    .   b - +0 animal skin
rPois    .         Spirit   .   (helmet restricted)
rElec    .         Reflect  .   (no cloak)
rCorr    .         Harm     .   (no gloves)
MR       .....                  (no boots)
Stlth    +.........             (no amulet)
HPRegen  0.13/turn              (no ring)
MPRegen  0.08/turn              (no ring)

@: confused, lethally poisoned (-3 -> -12)
A: retaliatory headbutt, horns 2
a: Berserk, Trog's Hand, Renounce Religion


You were on level 4 of the Dungeon.
You worshipped Trog.
Trog was pleased with you.
You were not hungry.

You visited 1 branch of the dungeon, and saw 4 of its levels.

You collected 192 gold pieces.

Inventory:

Hand Weapons
 a - a +0 hand axe (weapon)
 k - a +0 war axe
Armour
 b - a +0 animal skin (worn)
Wands
 n - a wand of flame (16)
Scrolls
 e - 3 scrolls of amnesia {unknown}
 f - 4 scrolls of identify {unknown}
 l - 2 scrolls of teleportation {unknown}
Potions
 g - 2 potions of magic {unknown}
 h - a potion of flight {unknown}
 i - a potion of curing {unknown}
 j - a potion of resistance {unknown}
 m - a potion of cancellation {unknown}
Comestibles
 c - 4 rations
 d - a chunk of flesh


   Skills:
 + Level 4.6 Fighting
 + Level 5.4 Axes
 + Level 2.6 Armour
 + Level 2.8 Dodging


You had 3 spell levels left.
You didn't know any spells.
Your spell library was empty.

Dungeon Overview and Level Annotations

Branches:
Dungeon (4/15)
 Temple: D:4-7

Altars:
Cheibriados
Kikubaaqudgha
Nemelex Xobeh
Uskayaw
Wu Jian


Innate Abilities, Weirdness & Mutations

You reflexively headbutt those who attack you in melee.
You have a pair of horns on your head.


Message History

The magic dart hits you.
* * * LOW HITPOINT WARNING * * *
The orc wizard casts a spell.
The orc wizard flickers and vanishes!
Deactivating autopickup; reactivate with Ctrl-A.
* * * LOW HITPOINT WARNING * * *
You feel sick. Something hits you.
* * * LOW HITPOINT WARNING * * *
The orc wizard hits you with a +0 dagger.
* * * LOW HITPOINT WARNING * * *
Unknown command.
You're too confused!
You completely miss something. You barely miss the orc wizard.
* * * LOW HITPOINT WARNING * * *
You feel sick.
The orc wizard hits you but does no damage.
You hear some strange, mumbled words.
A puff of flame appears from out of thin air!
The puff of flame hits you!
You die...

#...#####......####
#.........#
#.........#
#.........#
#.........#
#####.........#
..!...........#
..$...........#
.......o@.....#
......){......#
.........######
.........#
.........#
.........#
.........#
##########


You could see an orc wizard (fast).

Vanquished Creatures
  4 adders
  An ooze (D:2)
  4 worms (D:2)
  A dart slug (D:2)
  A leopard gecko (D:2)
  7 orcs
  4 bats (D:2)
  4 giant cockroaches
  5 goblins
  4 hobgoblins
  2 jackals (D:2)
  3 kobolds (D:2)
  A quokka (D:4)
  A ball python skeleton (D:4)
  3 frilled lizards (D:2)
  5 rats
50 creatures vanquished.

Notes
Turn   | Place    | Note
-------+----------+-------------------------------------------
     0 | D:1      | Erymatos the Minotaur Berserker began the quest for the
                  | Orb.
     0 | D:1      | Reached XP level 1. HP: 19/19 MP: 0/0
    15 | D:1      | You fall into a shaft and drop 1 floor!
    54 | D:2      | Reached skill level 4 in Axes
    54 | D:2      | Reached XP level 2. HP: 18/27 MP: 1/1
   335 | D:2      | Reached XP level 3. HP: 18/33 MP: 2/2
   769 | D:2      | Reached ** piety under Trog
   777 | D:2      | Reached XP level 4. HP: 23/41 MP: 3/3
   929 | D:2      | Reached skill level 5 in Axes
  1154 | D:2      | Found a sparkling altar of Nemelex Xobeh.
  1200 | D:2      | Found a snail-covered altar of Cheibriados.
  1200 | D:2      | Found a hide-covered altar of Uskayaw.
  1569 | D:3      | Found an ornate altar of the Wu Jian Council.
  1848 | D:3      | Found an ancient bone altar of Kikubaaqudgha.
  2245 | D:4      | Killed from afar by an orc wizard

Illustrated notes

Levels and vault maps discovered:
D:1:      dpeg_arrival_renting, layout_rooms
D:2:      minmay_recursive_quarters, layout_loops_ring,
          nemelex_xobeh_ov_fountains_minmay, gammafunk_temple_overflow_wave,
          hangedman_abyss_or_decor_lesser_grid
D:3:      layout_basic, kiku_gazebo_garden_becter, old_standard_altar
D:4:      layout_basic, first_ration, hangedman_decor_growths

Skill      XL: |  1  2  3  4 |
---------------+-------------+-----
Axes           | 4 5 |  5.4
Fighting       | 4 |  4.6
Armour         | |  2.6
Dodging        | |  2.8

Action                   |  1- 3 |  4- 6 || total
-------------------------+-------+-------++-------
Melee: Hand axe          |    67 |    53 ||   120
       Headbutt          |     8 |    12 ||    20
 Stab: Sleeping          |       |     1 ||     1
  Eat: Chunk             |       |     4 ||     4
Armor: Animal skin       |    12 |     9 ||    21
Dodge: Dodged            |    39 |    34 ||    73
